 Dungeon Crawl Stone Soup version 0.26.0-90-g5fd8617961 (webtiles) character file.

Game seed: 9532866633626894952

66 Gadfly the Cudgeller (level 4, 0/44 HPs)
             Began as an Ogre Gladiator on Feb 3, 2021.
             Slain by a gnoll
             ... wielding a +0 whip
              (9 damage)
             ... on level 1 of the Dungeon.
             The game lasted 00:02:19 (2325 turns).

Gadfly the Cudgeller (Ogre Gladiator)               Turns: 2325, Time: 00:02:19

Health: 0/44       AC:  3    Str: 19    XL:     4   Next: 15%
Magic:  5/5        EV: 10    Int:  9    God:
Gold:   145        SH:  0    Dex: 10    Spells: 3/3 levels left

rFire    . . .     SeeInvis .   a - +0 flail
rCold    . . .     Faith    .   (no shield)
rNeg     . . .     Spirit   .   b - +0 robe
rPois    .         Reflect  .   c - +0 hat
rElec    .         Harm     .   (no cloak)
rCorr    .         Rampage  .   (gloves unavailable)
Will     .....     Rnd*Tele +   (boots unavailable)
Stlth    +.........             (no amulet)
HPRegen  0.14/turn              (no ring)
MPRegen  0.09/turn              h - ring of teleportation (curse)

@: no status effects
A: large, unfitting armour, tough skin 1
a: no special abilities


You were on level 1 of the Dungeon.
You visited 1 branch of the dungeon, and saw 2 of its levels.

You collected 145 gold pieces.

Inventory:

Hand Weapons
 a - a +0 flail (weapon)
Missiles
 d - 3 throwing nets
 k - 35 stones (quivered)
Armour
 b - a +0 robe (worn)
 c - a +0 hat (worn)
Jewellery
 h - a cursed ring of teleportation (right hand)
Scrolls
 e - a scroll of teleportation
 j - a scroll of identify
Potions
 f - a potion of attraction
 g - a potion of haste {unknown}
 i - a potion of heal wounds
 m - a potion of mutation


   Skills:
 - Level 2.6 Fighting
 + Level 2.8 Maces & Flails
 + Level 2.4 Throwing
 * Level 1.2 Armour
 - Level 2.6 Dodging
 * Level 1.6 Invocations
 * Level 1.4 Evocations


You had 3 spell levels left.
You didn't know any spells.
Your spell library was empty.

Dungeon Overview and Level Annotations

Branches:
Dungeon (2/15)

Altars:


Innate Abilities, Weirdness & Mutations

You are too large for most types of armour.
You have tough skin. (AC +1)


Message History

You are too injured to fight recklessly!
You are too injured to fight recklessly!
You are too injured to fight recklessly!
You are too injured to fight recklessly!
You are too injured to fight recklessly!
You are too injured to fight recklessly!
You are too injured to fight recklessly!
You are too injured to fight recklessly!
You closely miss the gnoll. The gnoll hits you with a +0 whip!
* * * LOW HITPOINT WARNING * * *
You hit the gnoll.
The gnoll is lightly wounded.
The gnoll hits you with a +0 whip.
* * * LOW HITPOINT WARNING * * *
You closely miss the gnoll.
The gnoll is lightly wounded.
The gnoll hits you with a +0 whip.
* * * LOW HITPOINT WARNING * * *
The gnoll hits you with a +0 whip!
You die... ################# PPPPPPPPPPPPPPP.## .......<.........########## PPPPPPPPPPPPPPP...........#

################g.........# #
#........# #.@.........# ###
#........# ##...........# #..
.........# #............# ##..
.........#####............####..[
.........##...............##....#
......................###..#.##.#
............###...[...####...##.#
............######.....#####.##.#
............#...........####.#..#


You could see a gnoll.

Vanquished Creatures
  2 gnolls
  A worm (D:2)
  A dart slug (D:2)
  5 bats
  A giant cockroach (D:2)
  4 goblins
  7 hobgoblins
  4 jackals
  4 frilled lizards
  5 kobolds
  7 rats
41 creatures vanquished.

Notes
Turn   | Place    | Note
-------+----------+-------------------------------------------
     0 | D:1      | Gadfly the Ogre Gladiator began the quest for the Orb.
     0 | D:1      | Reached XP level 1. HP: 22/22 MP: 1/1
    44 | D:1      | Reached XP level 2. HP: 13/29 MP: 2/2
   267 | D:1      | Reached skill level 1 in Invocations
   521 | D:1      | Reached XP level 3. HP: 31/36 MP: 3/3
   696 | D:1      | Reached skill level 1 in Evocations
  1129 | D:2      | Reached skill level 1 in Armour
  2119 | D:2      | Reached XP level 4. HP: 16/44 MP: 5/5
  2325 | D:1      | Slain by a gnoll

Illustrated notes

Levels and vault maps discovered:
D:1:      eino_arrival_tree_alley, layout_rooms, tso_altar
D:2:      layout_basic

Skill      XL: |  1  2  3 |
---------------+----------+-----
Invocations    | 1 |  1.6
Evocations     | 1 |  1.4
Armour         | 1 |  1.2
Fighting       | |  2.6
Maces & Flails | |  2.8
Throwing       | |  2.4
Dodging        | |  2.6

Action                   |  1- 3 |  4- 6 || total
-------------------------+-------+-------++-------
Melee: Flail             |   145 |     8 ||   153
Throw: Stone             |     6 |       ||     6
  Use: Scroll            |     5 |       ||     5
       Potion            |     3 |       ||     3
Armor: Robe              |    63 |       ||    63
Dodge: Dodged            |    88 |     2 ||    90
